 Dungeon Crawl Stone Soup version 0.30-a0-711-gf4ac18a38d (webtiles) character file.

Game seed: 9254376778517077417

179 zinnoa the Magician (level 5, 0/35 HPs)
             Began as a Djinni Fire Elementalist on Jan 23, 2023.
             Engulfed by a cloud of flame (5 damage)
             ... on level 3 of the Dungeon.
             The game lasted 00:09:16 (1959 turns).

zinnoa the Magician (Djinni Fire Elementalist)      Turns: 1959, Time: 00:09:17

Health: 0/35       AC:  3    Str:  7    XL:     5   Next: 90%
Gold:   66         EV: 12    Int: 18    God:
                   SH:  0    Dex: 14

rFire   + + .      SeeInvis .    (no weapon)
rCold   x . .      Faith    .    (no shield)
rNeg    . . .      Spirit   .    a - +0 robe
rPois   ∞          Reflect  .    (no helmet)
rElec   .          Harm     .    (no cloak)
rCorr   +          Rampage  .    c - +0 pair of gloves
Will    .....                    (boots unavailable)
Stlth   ++                       (no amulet)
HPRegen 0.25/turn                l - ring of resist corrosion
MPRegen 0.00/turn                (no ring)

@: flying
A: sickness immunity, fire resistance 2, cold vulnerability 1, float, innate
caster, HP casting, extra vitality 1
a: no special abilities


You were on level 3 of the Dungeon.
You visited 1 branch of the dungeon, and saw 3 of its levels.

You collected 66 gold pieces.

Inventory:

Missiles
 d - a throwing net
Armour
 a - a +0 robe (worn)
 c - a +0 pair of gloves (worn)
Jewellery
 l - a ring of resist corrosion (left hand)
Scrolls
 i - 2 scrolls of fear {unknown}
 k - a scroll of silence {unknown}
 m - a scroll of brand weapon {unknown}
 o - a scroll of amnesia {unknown}
 p - a scroll of identify {unknown}
 q - a scroll of teleportation {unknown}
Potions
 b - a potion of magic
 e - 2 potions of curing {unknown}
 f - 2 potions of resistance {unknown}
 g - a potion of mutation {unknown}
 h - 3 potions of degeneration {unknown}
 j - a potion of might {unknown}
 n - a potion of invisibility {unknown}


   Skills:
 + Level 2.4 Dodging
 + Level 2.0 Stealth
 + Level 4.5 Spellcasting


You couldn't memorise any spells.
You knew the following spells:

 Your Spells              Type           Power      Damage    Failure   Level
a - Foxfire               Conj/Fire      80%        2x1d8     2%          1
b - Scorch                Fire           40%        2d7       3%          2
c - Kindle Blastsparks    Fire/Tloc/Air  40%        2d13      6%          3
d - Inner Flame           Hex/Fire       20%        N/A       6%          3
e - Flame Wave            Conj/Fire      20%        2d7       22%         4
f - Kiss of Death         Conj/Necr      80%        2d11      2%          1
g - Passwall              Tmut/Erth      16%        N/A       3%          2
Your spell library was empty.

Dungeon Overview and Level Annotations

Branches:
Dungeon (3/15)

Altars:
Yredelemnul

Annotations:
D:2 1 runed translucent door, Crazy Yiuf
D:3 Robin


Innate Abilities, Weirdness & Mutations

You are immune to sickness and miasma.
You are immune to poison.
Your flesh is very heat resistant. (rF++)
You are vulnerable to cold. (rC-)
You float through the air rather than walking.
You learn spells naturally, not from books.
Your magical power is your life essence.
You have superior vitality. (+4 MHP)


Message History

Casting: Inner Flame (dangerous; 6% risk of failure)
Confirm with . or Enter, or press ? or * to list all spells.
Aiming: Inner Flame (dangerous; 6% risk of failure)
Press: ? - help, Dir - move target, f - hobgoblin, p - goblin
Aim: a hobgoblin (chance to affect: 87%)
The hobgoblin is filled with an inner flame.
Robin throws the goblin at you! The goblin barely misses you.
Casting: Inner Flame (dangerous; 6% risk of failure)
Confirm with . or Enter, or press ? or * to list all spells.
Aiming: Inner Flame (dangerous; 6% risk of failure)
Press: ? - help, Dir - move target, f - hobgoblin, p - hobgoblin
Aim: a hobgoblin (chance to affect: 87%)
The hobgoblin is filled with an inner flame.
The goblin hits you but does no damage.
Robin roars a battlecry!
The goblins go into a battle-frenzy!
Casting: Inner Flame (dangerous; 6% risk of failure)
Confirm with . or Enter, or press ? or * to list all spells.
Okay, then.
Casting: Inner Flame (dangerous; 6% risk of failure)
Confirm with . or Enter, or press ? or * to list all spells.
Flames lash the hobgoblin.
The hobgoblin explodes!
The fiery explosion engulfs the goblin!!!
The fiery explosion engulfs the hobgoblin!!
The hobgoblin explodes!
The fiery explosion engulfs the goblin!!
The fiery explosion engulfs the goblin!!!
You kill the goblin!
The fiery explosion engulfs the goblin!!
You kill the goblin!
The goblin explodes!
The fiery explosion engulfs you! You resist.
* * * LOW HITPOINT WARNING * * *
The goblin explodes!
The fiery explosion engulfs the goblin!!
You kill the goblin!
The fiery explosion engulfs the hobgoblin!!
You kill the hobgoblin!
You are engulfed in blazing flames.
You resist.
You die...

#.....g #...... #......
#..§§§g ...§§§g ...§§§§
...§§§§#### ....§§§@..##
#######
...........###.....#
..................## .
................#######. #
..<.................##.. #
........................ #
.....................#.# #
#................###.#.. #
####............#####.....


You could see Robin, a hobgoblin (strong) and a goblin (strong).

Vanquished Creatures
  An iguana (D:3)
  Jessica (D:3)
  4 gnolls (D:3)
  2 adders (D:3)
  A worm (D:3)
  A dart slug (D:1)
  3 orcs (D:3)
  6 bats
  6 endoplasms
  3 giant cockroaches
  14 goblins
  7 hobgoblins
  2 jackals (D:1)
  3 quokkas
  2 ball pythons
  A frilled lizard (D:2)
  5 kobolds (D:1)
  3 rats
65 creatures vanquished.

Vanquished Creatures (others)
  161 foxfires
161 creatures vanquished.

Grand Total: 226 creatures vanquished

Notes
Turn   | Place    | Note
-------+----------+-------------------------------------------
     0 | D:1      | zinnoa the Djinni Fire Elementalist began the quest for the
                  | Orb.
     0 | D:1      | zinnoa set off with the following spells memorised:
                  | Foxfire, Scorch, Kindle Blastsparks, Inner Flame, Flame
                  | Wave.
     0 | D:1      | Reached XP level 1. HP: 15/15 MP: 0/0
   153 | D:1      | Reached XP level 2. HP: 17/21 MP: 0/0
   265 | D:1      | Reached skill level 3 in Spellcasting
   509 | D:1      | Reached XP level 3. HP: 17/25 MP: 0/0
   509 | D:1      | Learned a level 1 spell: Kiss of Death
  1272 | D:2      | Found a runed translucent door.
  1273 | D:2      | Noticed Crazy Yiuf
  1392 | D:2      | You are sucked into a shaft and drop 1 floor!
  1412 | D:3      | Reached XP level 4. HP: 24/31 MP: 0/0
  1462 | D:3      | Noticed Jessica
  1471 | D:3      | Killed Jessica
  1514 | D:3      | Reached skill level 4 in Spellcasting
  1595 | D:3      | Reached XP level 5. HP: 30/35 MP: 0/0
  1595 | D:3      | Learned a level 2 spell: Passwall
  1866 | D:3      | Found a basalt altar of Yredelemnul.
  1956 | D:3      | Noticed Robin
  1959 | D:3      | Engulfed by a cloud of flame

Illustrated notes

Levels and vault maps discovered:
D:1:      dpeg_arrival_water_temple_mockup, layout_loops_ring, minmay_surrounded
D:2:      layout_loops_cross, serial_shops, shop, serial_bayou_crossing,
          uniq_crazy_yiuf_cottage
D:3:      layout_rooms, mainiacjoe_overflow_cross_hatched,
          amethyst_overflow_temple_binary, uniq_robin, uniq_jessica

Skill      XL: |  1  2  3  4  5 |
---------------+----------------+-----
Spellcasting   | 3 4 |  4.5
Stealth        | 2 |  2.0
Dodging        | |  2.4

Action                     |  1- 3 |  4- 6 || total
---------------------------+-------+-------++-------
   Cast: Foxfire           |    77 |    20 ||    97
         Scorch            |    10 |     7 ||    17
         Inner Flame       |       |    22 ||    22
 Armour: Robe              |       |     2 ||     2
  Dodge: Dodged            |     7 |     2 ||     9

Table legend: (Time is in decaauts)
 A = Elapsed time spent in this place.
 B = Non-inter-level travel time spent in this place.
 C = Inter-level travel time spent in this place.
 D = Time resting spent in this place.
 E = Time spent auto-exploring this place.
 F = Levels seen in this place.
 G = Mean time per level.
                   A        B        C        D        E       F      G
               +--------+--------+--------+--------+--------+-----+--------+
         Total |   1957 |   1917 |     40 |    399 |   1125 |   3 |  652.3 |
       Dungeon |   1957 |   1917 |     40 |    399 |   1125 |   3 |  652.3 |
               +--------+--------+--------+--------+--------+-----+--------+

Top non-repeatable levels by time:
     D:1: 1028 daAuts
     D:3: 566 daAuts
     D:2: 363 daAuts
